 Dungeon Crawl Stone Soup version 0.25-a0-578-gc91f01c39c (webtiles) character file.

Game seed: 16129727833807085778, levelgen mode: deterministic

1434 Emblim88 the Shield-Bearer (level 8, -2/67 HPs)
             Began as a Gnoll Fighter on Mar 3, 2020.
             Was an Initiate of Gozag.
             Slain by a thrashing horror (9 damage)
             ... on level 2 of the Abyss.
             The game lasted 00:08:57 (6353 turns).

Emblim88 the Shield-Bearer (Gnoll Fighter)          Turns: 6353, Time: 00:08:57

Health: -2/67      AC: 12    Str: 21    XL:     8   Next: 73%
Magic:  13/13      EV:  6    Int: 11    God:    Gozag
Gold:   449        SH: 10    Dex: 14    Spells: 13/13 levels left

rFire    . . .     SeeInvis .   v - +4 spear
rCold    . . .     Gourm    .   c - +0 kite shield
rNeg     . . .     Faith    .   k - +0 plate armour
rPois    .         Spirit   .   (no helmet)
rElec    .         Reflect  .   (no cloak)
rCorr    .         Harm     .   (no gloves)
MR       .....                  (no boots)
Stlth    ..........             (no amulet)
HPRegen  0.21/turn              (no ring)
MPRegen  0.13/turn              (no ring)

@: mighty, drained
A: distributed training, fangs 1, strong nose
a: Potion Petition, Call Merchant, Bribe Branch, Renounce Religion


You were on level 2 of the Abyss.
You worshipped Gozag.
Gozag was aware of your devotion.
You were not hungry.

You visited 2 branches of the dungeon, and saw 8 of its levels.
You visited the Abyss 1 time.

You collected 554 gold pieces.
You paid 105 gold pieces to Gozag.

Inventory:

Hand Weapons
 a - a +0 long sword
 v - a +4 spear (weapon)
 y - a +2 hand axe
 z - a +5 battleaxe
Missiles
 e - 156 stones (quivered)
 p - 34 poisoned darts
 s - 2 curare-tipped darts
Armour
 b - a +0 scale mail
 c - a +0 kite shield (worn)
 k - a +0 plate armour (worn)
Wands
 l - a wand of acid (6)
Scrolls
 g - 5 scrolls of remove curse
 m - 2 scrolls of random uselessness {unknown}
 n - a scroll of magic mapping
 o - 2 scrolls of blinking
 q - 2 scrolls of fog
 t - a scroll of enchant armour
 w - 3 scrolls of teleportation {unknown}
Potions
 d - a potion of might
 h - 2 potions of stabbing {unknown}
 i - a potion of brilliance {unknown}
 j - 2 potions of resistance
 r - 2 potions of mutation {unknown}
 u - a potion of lignification {unknown}
 x - 2 potions of curing {unknown}
Comestibles
 f - 5 rations


   Skills:
 + Level 7.4(6.3) Fighting
 + Level 3.4(2.4) Short Blades
 + Level 5.8(4.7) Long Blades
 + Level 3.4(2.4) Axes
 + Level 3.4(2.4) Maces & Flails
 + Level 3.4(2.4) Polearms
 + Level 3.4(2.4) Staves
 + Level 3.4(2.4) Slings
 + Level 3.4(2.4) Bows
 + Level 3.4(2.4) Crossbows
 + Level 3.4(2.4) Throwing
 + Level 7.4(6.3) Armour
 + Level 3.4(2.4) Dodging
 + Level 3.4(2.4) Stealth
 + Level 7.4(6.3) Shields
 + Level 3.4(2.4) Unarmed Combat
 + Level 3.4(2.4) Spellcasting
 + Level 2.8(1.8) Conjurations
 + Level 2.8(1.8) Hexes
 + Level 2.8(1.8) Charms
 + Level 2.8(1.8) Summonings
 + Level 2.8(1.8) Necromancy
 + Level 2.8(1.8) Translocations
 + Level 2.8(1.8) Transmutations
 + Level 2.8(1.8) Fire Magic
 + Level 2.8(1.8) Ice Magic
 + Level 2.8(1.8) Air Magic
 + Level 2.8(1.8) Earth Magic
 + Level 2.8(1.8) Poison Magic
 + Level 3.8(2.8) Invocations
 + Level 3.4(2.4) Evocations


You had 13 spell levels left.
You didn't know any spells.
Your spell library contained the following spells:

 Spells                   Type           Power        Failure   Level  Hunger
 Pain                     Necr           #...         100%        1    ##.....


Dungeon Overview and Level Annotations

Branches:
Dungeon (7/15)             Temple (1/1) D:6

Altars:
Ashenzari
Cheibriados
Dithmenos
Elyvilon
Fedhas
Gozag
Hepliaklqana
Kikubaaqudgha
Nemelex Xobeh
Qazlal
Sif Muna
Uskayaw
Vehumet
Wu Jian
Xom
Zin
The Shining One

Annotations:
D:7 Maggie


Innate Abilities, Weirdness & Mutations

Your experience applies equally to all skills.
You have very sharp teeth.
Your uncanny sense of smell can sniff out nearby items.


Message History

A starcursed mass splits.
The thrashing horror roars!
A starcursed mass splits.
A starcursed mass splits. x2
The thrashing horror tramples you but does no damage.
The thrashing horror completely misses you.
The thrashing horror roars!
The thrashing horror tramples you but does no damage.
You block the thrashing horror's attack.
The thrashing horror roars!
The thrashing horror tramples you but does no damage.
You block the thrashing horror's attack.
The smoke demon gestures at you. The ball of steam hits you!!
* * * LOW HITPOINT WARNING * * *
Found a ration.
The thrashing horror roars!
The thrashing horror tramples you!
You die...
Your body crumbles into a pile of gold.

#.##.##.#..
#.%#....#.
#...#...#.
.#.......
.........
#..#...# #....###
#...@X.####
##..§#.#..
#.##§..#.# .
#...§...## #
###.#§###XX... ∆
#.....##.##X###
##...3....X....
#...#.##......X..
#.. ####..... #..


You could see a starcursed mass and a thrashing horror.

Vanquished Creatures
  A hungry ghost (D:6)
  A sky beast (D:6)
  An ice beast (D:6)
  A necrophage (D:6)
  A centaur (D:6)
  2 bullfrogs
  A scorpion (D:6)
  4 wights
  3 crimson imps
  A bullfrog skeleton (D:5)
  A centaur skeleton (D:6)
  A hound (D:5)
  Jessica (D:3)
  3 orc wizards
  A worker ant (D:4)
  A hound skeleton (D:3)
  A worker ant zombie (D:6)
  4 gnolls (D:6)
  7 adders
  An adder skeleton (D:7)
  4 worms
  2 dart slugs (D:2)
  7 leopard geckos
  21 orcs
  4 giant cockroaches
  9 goblins
  15 hobgoblins
  4 jackals (D:2)
  16 kobolds
  3 quokkas
  14 bats
  9 frilled lizards
  3 quokka skeletons
  7 rats
155 creatures vanquished.

Notes
Turn   | Place    | Note
-------+----------+-------------------------------------------
     0 | D:1      | Emblim88 the Gnoll Fighter began the quest for the Orb.
     0 | D:1      | Reached XP level 1. HP: 23/23 MP: 1/1
    40 | D:1      | Reached XP level 2. HP: 18/29 MP: 2/2
   274 | D:1      | Reached XP level 3. HP: 35/35 MP: 3/3
   976 | D:2      | Reached skill level 1 in Invocations
  1108 | D:2      | Reached skill level 1 in Short Blades
  1108 | D:2      | Reached skill level 1 in Axes
  1108 | D:2      | Reached skill level 1 in Maces & Flails
  1108 | D:2      | Reached skill level 1 in Polearms
  1108 | D:2      | Reached skill level 1 in Staves
  1108 | D:2      | Reached skill level 1 in Slings
  1108 | D:2      | Reached skill level 1 in Bows
  1108 | D:2      | Reached skill level 1 in Crossbows
  1108 | D:2      | Reached skill level 1 in Throwing
  1108 | D:2      | Reached skill level 1 in Dodging
  1108 | D:2      | Reached skill level 1 in Stealth
  1108 | D:2      | Reached skill level 1 in Unarmed Combat
  1108 | D:2      | Reached skill level 1 in Spellcasting
  1108 | D:2      | Reached skill level 1 in Evocations
  1195 | D:2      | Reached XP level 4. HP: 41/41 MP: 5/5
  1209 | D:2      | Found a radiant altar of Vehumet.
  1209 | D:2      | Found an ancient bone altar of Kikubaaqudgha.
  1216 | D:2      | Found a shimmering blue altar of Sif Muna.
  1223 | D:2      | Identified Kikubaaqudgha's Grimoire of Necromancy
  1828 | D:2      | Reached skill level 1 in Conjurations
  1828 | D:2      | Reached skill level 1 in Hexes
  1828 | D:2      | Reached skill level 1 in Charms
  1828 | D:2      | Reached skill level 1 in Summonings
  1828 | D:2      | Reached skill level 1 in Necromancy
  1828 | D:2      | Reached skill level 1 in Translocations
  1828 | D:2      | Reached skill level 1 in Transmutations
  1828 | D:2      | Reached skill level 1 in Fire Magic
  1828 | D:2      | Reached skill level 1 in Ice Magic
  1828 | D:2      | Reached skill level 1 in Air Magic
  1828 | D:2      | Reached skill level 1 in Earth Magic
  1828 | D:2      | Reached skill level 1 in Poison Magic
  2262 | D:3      | Reached XP level 5. HP: 47/47 MP: 6/6
  2723 | D:3      | Noticed Jessica
  2727 | D:3      | Killed Jessica
  3190 | D:4      | Reached XP level 6. HP: 34/53 MP: 8/8
  3463 | D:4      | Found a hazy altar of Hepliaklqana.
  3780 | D:5      | Entered Level 5 of the Dungeon
  3812 | D:5      | Reached skill level 5 in Long Blades
  4280 | D:5      | Reached XP level 7. HP: 59/59 MP: 10/10
  4565 | D:6      | Found a staircase to the Ecumenical Temple.
  4600 | Temple   | Entered the Ecumenical Temple
  4814 | Temple   | Became a worshipper of Gozag Ym Sagoz the Greedy
  5134 | D:6      | Reached XP level 8. HP: 66/67 MP: 12/12
  5804 | D:7      | Noticed a hippogriff
  6318 | D:7      | Noticed Maggie
  6323 | D:7      | Cast into level 2 of the Abyss (Maggie)
  6331 | Abyss:2  | Noticed a smoke demon
  6343 | Abyss:2  | Noticed a thrashing horror
  6344 | Abyss:2  | Noticed a starcursed mass
  6353 | Abyss:2  | Slain by a thrashing horror

Levels and vault maps discovered:
D:1:      grunt_arrival_crossed_arrows, layout_loops_ring, minmay_pentomino_w2
D:2:      minmay_chambers_of_ones, layout_basic,
          grunt_temple_overflow_magic_moments
D:3:      layout_basic, kennysheep_generic_room_6, uniq_jessica
D:4:      layout_rooms, lemuel_round_altar, first_ration
D:5:      layout_basic
D:6:      layout_basic, minmay_temple_entry_mini_moons, interstate_on_off,
          item_on_display_a
D:7:      layout_cave_pods, lemuel_round_altar, serial_column_ruins,
          column_ruins_open_tiny, column_ruins_open_small, column_ruins_grid_3,
          column_ruins_grid_1, column_ruins_open_medium, uniq_maggie
Temple:   nicolae_temple_figure_eight
Abyss:2:  base:
D:9

Skill      XL: |  1  2  3  4  5  6  7  8 |
---------------+-------------------------+-----
Invocations    | 1 2 3 |  3.8
Short Blades   | 1 2 3 |  3.4
Axes           | 1 2 3 |  3.4
Maces & Flails | 1 2 3 |  3.4
Polearms       | 1 2 3 |  3.4
Staves         | 1 2 3 |  3.4
Slings         | 1 2 3 |  3.4
Bows           | 1 2 3 |  3.4
Crossbows      | 1 2 3 |  3.4
Throwing       | 1 2 3 |  3.4
Dodging        | 1 2 3 |  3.4
Stealth        | 1 2 3 |  3.4
Unarmed Combat | 1 2 3 |  3.4
Spellcasting   | 1 2 3 |  3.4
Evocations     | 1 2 3 |  3.4
Conjurations   | 1 2 |  2.8
Hexes          | 1 2 |  2.8
Charms         | 1 2 |  2.8
Summonings     | 1 2 |  2.8
Necromancy     | 1 2 |  2.8
Translocations | 1 2 |  2.8
Transmutations | 1 2 |  2.8
Fire Magic     | 1 2 |  2.8
Ice Magic      | 1 2 |  2.8
Air Magic      | 1 2 |  2.8
Earth Magic    | 1 2 |  2.8
Poison Magic   | 1 2 |  2.8
Long Blades    | 5 |  5.8
Fighting       | 7 |  7.4
Armour         | 7 |  7.4
Shields        | 7 |  7.4

Action                   |  1- 3 |  4- 6 |  7- 9 || total
-------------------------+-------+-------+-------++-------
Melee: Long sword        |   119 |   219 |       ||   338
       Bite              |     8 |    37 |    23 ||    68
       Spear             |       |    38 |   253 ||   291
  Use: Potion            |       |     3 |     1 ||     4
       Scroll            |       |     5 |       ||     5
  Eat: Chunk             |     1 |    10 |       ||    11
       Ration            |       |       |     4 ||     4
Armor: Scale mail        |    21 |       |       ||    21
       Plate armour      |    20 |   145 |   108 ||   273
Dodge: Dodged            |    26 |    52 |    36 ||   114
Block: Kite shield       |    65 |   159 |   108 ||   332
       Rpst.: Long sword |    11 |    14 |       ||    25

Table legend:
 A = Non-vault XP
 B = Vault XP
 C = Vault XP percentage of total XP
 D = Non-vault monster count
 E = Vault monster count
 F = Vault count percentage of total count
                 A         B        C        D         E       F
            +---------+---------+-------+---------+---------+-------
      Total |    1997 |      52 |   2.5 |     145 |      10 |   6.5
            +---------+---------+-------+---------+---------+-------
        D:1 |      46 |       2 |   4.2 |      28 |       1 |   3.4
        D:2 |      84 |       8 |   8.7 |      28 |       5 |  15.2
        D:3 |      93 |      42 |  31.1 |      30 |       4 |  11.8
        D:4 |     143 |       0 |   0.0 |      16 |       0 |   0.0
        D:5 |     232 |       0 |   0.0 |      12 |       0 |   0.0
        D:6 |    1079 |       0 |   0.0 |      24 |       0 |   0.0
        D:7 |     320 |       0 |   0.0 |       7 |       0 |   0.0
            +---------+---------+-------+---------+---------+-------
